 Dungeon Crawl Stone Soup version 0.18-a0-1551-g40744a8 (console) character file.

126966 Liam the Eclecticist (level 16, -1/110 HPs)
             Began as a High Elf Wizard on Mar 11, 2016.
             Was a High Priest of Vehumet.
             Slain by a hand axe of freezing (8 damage)
             ... on level 1 of the Elven Halls.
             The game lasted 01:42:39 (39888 turns).

Liam the Eclecticist (High Elf Wizard)             Turns: 39888, Time: 01:42:39

Health: -1/110     AC: 14    Str:  6    XL:     16   Next: 45%
Magic:  15/45      EV: 12    Int: 29    God:    Vehumet [*****.]
Gold:   2527       SH:  4    Dex: 15    Spells: 9 memorised, 8 levels left

rFire  . . .     SeeInvis .     H - staff of wizardry
rCold  . . .     Gourm    .     S - +2 robe {Archmagi}
rNeg   . . .     Faith    .     (no shield)
rPois  .         Spirit   .     J - +2 hat {Int+3}
rElec  .         Dismiss  .     X - +2 cloak {MR+}
rCorr  .         Reflect  +     Y - +1 pair of gloves
SustAt .         Harm     .     w - +2 pair of boots
MR     ++...     Clarity  +     F - +4 amulet of reflection
Stlth  ++........               E - -3 ring of intelligence (curse)
                                z - ring of magical power

@: deflect missiles, very resistant to hostile enchantments, unstealthy
A: clarity
a: Renounce Religion


You were on level 1 of the Elven Halls.
You worshipped Vehumet.
Vehumet was extremely pleased with you.
You were hungry.

You visited 6 branches of the dungeon, and saw 28 of its levels.
You also visited: Ice Cave.

You collected 2905 gold pieces.
You spent 378 gold pieces at shops.

Inventory:

Hand Weapons
 V - a +3 dagger of speed
Armour
 h - a mottled dragon hide
 o - the +0 cloak of the Trees {MR+}
   (You found it on level 8 of the Lair of Beasts)

   It affects your resistance to hostile enchantments.
 w - a +2 pair of boots (worn)
 J - a +2 hat of intelligence (worn)
 S - a +2 robe of the Archmagi (worn)
 X - a +2 cloak of magic resistance (worn)
 Y - a +1 pair of gloves (worn)
Magical Staves
 H - an uncursed staff of wizardry (weapon)
 I - an uncursed staff of earth
Jewellery
 c - an uncursed ring of fire
 e - an uncursed ring of fire
 m - an uncursed ring of poison resistance
 r - an uncursed ring of protection from cold
 z - a ring of magical power (left hand)
 E - a cursed -3 ring of intelligence (right hand)
 F - a +4 amulet of reflection (around neck)
 O - an uncursed ring of see invisible
 P - a cursed -2 ring of evasion
Wands
 f - a wand of iceblast (6/15)
 g - a wand of lightning (4/15)
 p - a wand of digging (15/24)
 t - a wand of hasting (3/9)
 v - a wand of digging (15/24)
 B - a wand of lightning (11/15)
 K - a wand of iceblast (12/15)
Scrolls
 b - 3 scrolls of teleportation
 j - 2 scrolls of enchant weapon
 n - 5 scrolls of enchant armour
 q - 2 scrolls of blinking
 s - 22 scrolls of identify
 A - a scroll of fog
 D - a scroll of silence
 G - 8 scrolls of remove curse
 N - 2 scrolls of recharging
 Q - a scroll of fear
Potions
 l - a potion of flight {unknown}
 u - 6 potions of heal wounds
 x - a potion of agility
 C - 7 potions of curing
 L - a potion of might
 R - a potion of berserk rage
 T - a potion of brilliance
Books
 a - the Incunabulum of Freezing Conjuration
   (You found it on level 10 of the Dungeon)

   Spells                             Type                      Level
   a - Magic Dart                     Conjuration                  1
   b - Throw Flame                    Conjuration/Fire             2
   c - Fulminant Prism                Conjuration/Hexes            4
   d - Freezing Cloud                 Conjuration/Ice/Air          6
   e - Simulacrum                     Ice/Necromancy               6
 y - an Akashic Record

   Spells                             Type                      Level
   a - Dispersal                      Translocation                6
   b - Malign Gateway                 Summoning/Translocation      7
   c - Disjunction                    Translocation                8
   d - Controlled Blink               Translocation                8
 M - a book of Spatial Translocations

   Spells                             Type                      Level
   a - Apportation                    Translocation                1
   b - Blink                          Translocation                2
   c - Shroud of Golubria             Charms/Translocation         2
   d - Portal Projectile              Translocation                3
   e - Teleport Other                 Translocation                3
   f - Passage of Golubria            Translocation                4
Comestibles
 d - 10 bread rations
 i - a beef jerky
 k - 5 meat rations
 W - 4 fruits


   Skills:
 + Level 10.5 Fighting
 - Level 6.0 Short Blades
 - Level 2.1 Dodging
 - Level 2.1 Stealth
 + Level 15.3 Spellcasting
 + Level 15.1 Conjurations
 - Level 7.0 Charms
 - Level 2.0 Summonings
 + Level 8.0 Translocations
 + Level 13.4 Fire Magic
 + Level 11.6 Air Magic
 - Level 3.0 Poison Magic


You had 8 spell levels left.
You knew the following spells:

 Your Spells              Type           Power        Failure   Level  Hunger
a - Magic Dart            Conj           ####         0%          1    None
b - Blink                 Tloc           N/A          1%          2    None
d - Mephitic Cloud        Conj/Pois/Air  #######.     1%          3    None
e - Conjure Flame         Conj/Fire      ########     1%          3    None
f - Fireball              Conj/Fire      ########..   1%          5    None
i - Call Imp              Summ           ######..     1%          2    None
l - Controlled Blink      Tloc           N/A          99%         8    ######.
m - Deflect Missiles      Chrm/Air       #######...   4%          6    ###....
o - Orb of Destruction    Conj           ########..   1%          7    #####..


Dungeon Overview and Level Annotations

Branches:
Dungeon (15/15)            Temple (1/1) D:6            Lair (8/8) D:10
  Swamp (0/4) Lair:6       Spider (0/4) Lair:3        Slime (0/6) Lair:7
    Orc (2/2) D:11            Elf (1/3) Orc:2        Vaults (0/5) D:13
 Depths (1/5) D:15

Altars:
Ashenzari
Cheibriados
Dithmenos
Elyvilon
Fedhas
Gozag
Kikubaaqudgha
Makhleb
Nemelex Xobeh
Okawaru
Pakellas
Qazlal
Ru
Sif Muna
Trog
Vehumet
Xom
Yredelemnul
Zin
The Shining One
Jiyva

Shops:
D:5 *   D:8 !   D:14 }   Orc:2 ?(}(

Portals:
Trove: Elf:1 (give +5 demon blade)

Annotations:
D:3 Duffy's ghost, amateur DrGl
Lair:7 1 runed door


Innate Abilities, Weirdness & Mutations

You possess an exceptional clarity of mind.


Message History

Aim: a hand axe of freezing
Okay, then.
Casting: Fireball
Confirm with . or Enter, or press ? or * to list all spells.
Aiming: Orb of Destruction
Press: ? - help, Shift-Dir - straight line, f - hand axe of freezing
Aim: a hand axe of freezing You feel a surge of power!
The rock wall explodes into countless fragments.
You are feeling hungry.
The hand axe of freezing hits you.
* * * LOW HITPOINT WARNING * * *
The hand axe of freezing freezes you.
* * * LOW HITPOINT WARNING * * *
There is an open door here.
The hand axe of freezing barely misses you.
The hand axe of freezing hits you!
* * * LOW HITPOINT WARNING * * *
The hand axe of freezing freezes you!
You die...

##.......## ####.........##
..#...........#
.............. #............
#.........# #.......#
#..@....# .# #. ##.(..### .#.
#.# #H#### .#.###.# ##'##
.......# ##...### ##.######
##......# ## ........#
##......s## #.##
##.#....###...).....####...##
..........'..)......'..H....#


You could see a harpy and a hand axe of freezing.

Vanquished Creatures
  Nikola (Elf:1)
  Agnes (D:15)
  Gastronok (D:8)
  A tengu reaver (Depths:1)
  Snorg (D:10)
  A vault guard (D:13)
  An ogre mage (D:15)
  12 hydras
  7 centaur warriors
  4 orc high priests (Orc:2)
  11 death yaks
  2 tengu warriors (D:14)
  The ghost of Ijustatesigmund the Transmogrifier, a novice OpTm (D:9)
  Nergalle (Lair:1)
  3 deep elf knights
  2 skeletal warriors (D:15)
  2 wizards
  3 deep elf archers
  2 unseen horrors (D:12)
  A flayed ghost (D:14)
  7 hill giants
  Pikel (D:7)
  A phantasmal warrior (D:14)
  A lindwurm (shapeshifter) (D:15)
  5 orc knights
  2 necromancers
  2 stone giant zombies
  A wolf spider (D:14)
  3 cyclopes
  2 griffons (D:14)
  5 ugly things
  5 manticores
  4 orc sorcerers
  13 deep elf magi (Elf:1)
  18 elephants
  A fire giant skeleton (D:15)
  Maurice (D:8)
  6 black mambas
  2 gargoyles
  2 ice statues (IceCv)
  17 spiny frogs
  6 rime drakes
  A freezing wraith (D:14)
  12 komodo dragons
  8 ice devils (IceCv)
  A spriggan druid (Lair:8)
  A giant leech (Lair:6)
  A polar bear (Lair:8)
  5 two-headed ogres
  A yaktaur skeleton (D:15)
  13 trolls
  7 slime creatures
  2 boulder beetles
  8 blink frogs
  An ettin zombie (D:15)
  An ice dragon skeleton (Depths:1)
  5 redbacks
  A vampire (D:15)
  9 spriggans (Lair:8)
  A wyvern (D:12)
  2 shadows
  A water elemental (Elf:1)
  A wraith (D:11)
  51 yaks
  3 hungry ghosts
  7 small abominations (D:10)
  4 large abominations (D:10)
  3 basilisks
  10 hippogriffs
  A hippogriff (shapeshifter) (D:14)
  3 vampire mosquitoes (D:14)
  3 mottled dragons
  A swamp worm (Lair:6)
  A warg (D:15)
  11 water moccasins
  2 soldier ants (D:10)
  13 porcupines
  5 ice beasts
  20 orc warriors
  3 sky beasts
  5 wasps
  11 black bears
  A phantom (D:10)
  2 slaves
  28 wolves
  7 ogres
  18 centaurs
  4 big kobolds
  20 crocodiles
  13 giant frogs
  2 gnoll sergeants
  A wyvern zombie (D:10)
  A water moccasin zombie (D:9)
  2 troll zombies
  13 killer bees
  4 scorpions
  12 wights
  An electric eel (Lair:3)
  7 crimson imps
  4 howler monkeys
  A giant frog zombie (D:8)
  5 quasits
  3 centaur zombies
  21 orc priests
  3 giant frog skeletons
  9 hounds
  A jelly (D:10)
  4 centaur skeletons
  A gnoll shaman (D:7)
  30 orc wizards
  9 iguanas
  15 worker ants
  11 sheep
  6 ogre zombies (D:11)
  A hound zombie (D:8)
  A hound skeleton (D:7)
  22 gnolls
  2 howler monkey skeletons
  15 adders
  46 river rats
  3 shadow imps
  4 white imps (IceCv)
  6 ufetubi (IceCv)
  4 worms
  3 dart slugs
  7 giant geckos
  75 orcs
  3 ball pythons
  2 bats (D:1)
  11 giant cockroaches
  10 goblins
  7 hobgoblins
  19 jackals
  5 quokkas
  A giant gecko skeleton (D:4)
  4 giant newts
  A goblin skeleton (D:13)
  A goblin zombie (D:11)
  2 hobgoblin skeletons (D:11)
  3 hobgoblin zombies (D:11)
  A jackal skeleton (D:4)
  19 kobolds
  5 orc skeletons (D:11)
  13 orc zombies (D:11)
  9 rats
  A bush (Lair:8)
  14 fungi
  11 plants
  2 withered plants (D:15)
994 creatures vanquished.

Vanquished Creatures (others)
  An unseen horror (D:14)
  Psyche (D:10)
  An orc warrior (D:9)
  An orc wizard (Orc:2)
  3 white imps (IceCv)
  4 ufetubi (IceCv)
  68 fungi
  21 plants
  A withered plant (D:15)
101 creatures vanquished.

Grand Total: 1095 creatures vanquished

Notes
Turn   | Place    | Note
--------------------------------------------------------------
     0 | D:1      | Liam the High Elf Wizard began the quest for the Orb.
     0 | D:1      | Reached XP level 1. HP: 11/11 MP: 6/6
   187 | D:1      | Reached XP level 2. HP: 17/17 MP: 1/8
   250 | D:1      | Learned a level 2 spell: Blink
   253 | D:1      | Learned a level 2 spell: Repel Missiles
   878 | D:1      | Reached XP level 3. HP: 9/21 MP: 1/10
  1969 | D:1      | Learned a level 3 spell: Mephitic Cloud
  1973 | D:1      | Learned a level 3 spell: Conjure Flame
  2119 | D:2      | Reached skill level 5 in Spellcasting
  2119 | D:2      | Reached XP level 4. HP: 27/27 MP: 6/12
  2281 | D:3      | Noticed Duffy's ghost (amateur DrGl)
  2567 | D:3      | Reached skill level 1 in Air Magic
  2615 | D:3      | Found a white marble altar of Elyvilon.
  2833 | D:3      | Reached XP level 5. HP: 31/31 MP: 3/13
  3085 | D:3      | Gained mutation: You are resistant to hostile enchantments. [potion of mutation]
  3085 | D:3      | Gained mutation: Your spells are a little harder to cast, but a little more powerful. [potion of mutation]
  3085 | D:3      | Gained mutation: Your natural rate of healing is unusually fast. [potion of mutation]
  3835 | D:3      | Reached skill level 1 in Poison Magic
  4248 | D:4      | Reached XP level 6. HP: 18/36 MP: 6/15
  5083 | D:4      | Reached XP level 7. HP: 36/41 MP: 10/17
  5088 | D:4      | Found a glowing silver altar of Zin.
  5163 | D:5      | Entered Level 5 of the Dungeon
  5453 | D:4      | Found a shattered altar of Ashenzari.
  5454 | D:4      | Found a shadowy altar of Dithmenos.
  5454 | D:4      | Found a blossoming altar of Fedhas.
  5458 | D:4      | Found a sacrificial altar of Ru.
  6550 | D:5      | Found Emimoc's Assorted Antiques.
  6555 | D:5      | Bought a tiny steel amulet for 120 gold pieces
  6760 | D:5      | Reached skill level 5 in Conjurations
  7112 | D:5      | Reached XP level 8. HP: 46/46 MP: 19/19
  7474 | D:6      | Reached skill level 1 in Fire Magic
  7705 | D:6      | Found a staircase to the Ecumenical Temple.
  7899 | Temple   | Entered the Ecumenical Temple
  7903 | Temple   | Became a worshipper of Vehumet
  7961 | D:6      | Reached skill level 1 in Charms
  7993 | D:7      | Reached skill level 5 in Air Magic
  8188 | D:7      | Found a burning altar of Makhleb.
  8997 | D:7      | Reached * piety under Vehumet
  8997 | D:7      | Offered knowledge of Freeze by Vehumet.
  9154 | D:8      | Noticed Pikel
  9155 | D:8      | Noticed Gastronok
  9469 | D:7      | Reached XP level 9. HP: 33/51 MP: 9/21
  9595 | D:7      | Killed Pikel
  9865 | D:8      | Found Tixuor's Distillery.
  9873 | D:8      | Bought a potion of heal wounds for 60 gold pieces
  9873 | D:8      | Bought a potion of lignification for 36 gold pieces
 10045 | D:8      | Noticed Maurice
 10105 | D:8      | Killed Maurice
 10468 | D:8      | Found a sparkling altar of Nemelex Xobeh.
 10571 | D:9      | Noticed Ijustatesigmund's ghost (novice OpTm)
 10611 | D:8      | Learned a level 2 spell: Call Imp
 10792 | D:9      | Reached skill level 1 in Summonings
 10810 | D:9      | Reached ** piety under Vehumet
 10817 | D:9      | Offered knowledge of Shock by Vehumet.
 11214 | D:9      | Reached skill level 5 in Translocations
 11575 | D:9      | Reached skill level 5 in Charms
 11667 | D:9      | Reached XP level 10. HP: 56/56 MP: 14/23
 11944 | D:9      | Offered knowledge of Static Discharge by Vehumet.
 12411 | D:10     | Entered Level 10 of the Dungeon
 12411 | D:10     | Noticed Psyche
 12601 | D:10     | Noticed a hill giant
 12623 | D:9      | Killed a hill giant
 12623 | D:9      | Reached skill level 5 in Fire Magic
 12739 | D:10     | Killed Psyche
 12774 | D:10     | Noticed a gargoyle
 13015 | D:9      | Reached *** piety under Vehumet
 13038 | D:9      | Killed Ijustatesigmund's ghost
 13388 | D:10     | Killed a gargoyle
 13549 | D:10     | Found a staircase to the Lair.
 13756 | D:10     | Offered knowledge of Airstrike by Vehumet.
 14391 | D:10     | Reached skill level 10 in Spellcasting
 14643 | D:10     | Noticed Snorg
 14666 | D:10     | Killed Snorg
 14666 | D:10     | Reached XP level 11. HP: 49/61 MP: 26/26
 14682 | D:10     | Learned a level 5 spell: Fireball
 14783 | D:10     | Reached **** piety under Vehumet
 14810 | D:10     | Noticed a wizard
 14819 | D:10     | Offered knowledge of Venom Bolt by Vehumet.
 15303 | D:10     | Reached skill level 10 in Conjurations
 15313 | D:10     | Killed a wizard
 15484 | D:11     | Reached ***** piety under Vehumet
 15488 | D:10     | Offered knowledge of Bolt of Cold by Vehumet.
 16657 | D:11     | Noticed a hill giant
 16663 | D:11     | Killed a hill giant
 16752 | D:11     | Reached XP level 12. HP: 66/66 MP: 23/28
 16801 | D:11     | Found a staircase to the Orcish Mines.
 16871 | D:11     | Offered knowledge of Lee's Rapid Deconstruction by Vehumet.
 16871 | D:11     | Reached skill level 1 in Fighting
 17620 | Lair:1   | Entered Level 1 of the Lair of Beasts
 17649 | Lair:1   | Noticed Nergalle
 17653 | Lair:1   | Killed Nergalle
 18774 | Lair:2   | Noticed a five-headed hydra
 18776 | Lair:2   | Killed a five-headed hydra
 18827 | Lair:2   | You fall through a shaft!
 18891 | Lair:3   | Reached skill level 10 in Fire Magic
 19028 | Lair:3   | Identified a scroll of acquirement
 19161 | Lair:3   | Found a hole to the Spider Nest.
 19252 | Lair:3   | Found a frozen archway.
 19257 | Lair:3   | Offered knowledge of Ozocubu's Refrigeration by Vehumet.
 19265 | IceCv    | Entered an ice cave
 19316 | IceCv    | Reached skill level 5 in Fighting
 19815 | IceCv    | Reached XP level 13. HP: 81/81 MP: 22/30
 20968 | Lair:4   | Got a faintly glowing tin amulet
 21611 | Lair:4   | Reached skill level 1 in Short Blades
 22551 | Lair:5   | Offered knowledge of Bolt of Draining by Vehumet.
 22752 | Lair:5   | Identified the amulet of Baan Pepn {Inacc Str+5} (You found it on level 4 of the Lair of Beasts)
 22760 | Lair:5   | Learned a level 6 spell: Deflect Missiles
 22768 | Lair:5   | Learned a level 7 spell: Orb of Destruction
 22772 | Lair:5   | Lost mutation: Your spells are a little harder to cast, but a little more powerful. [potion of cure mutation]
 22772 | Lair:5   | Lost mutation: You are resistant to hostile enchantments. [potion of cure mutation]
 22772 | Lair:5   | Lost mutation: Your natural rate of healing is unusually fast. [potion of cure mutation]
 22773 | Lair:5   | Gained mutation: You possess an exceptional clarity of mind. [potion of beneficial mutation]
 23361 | Lair:5   | Got a faintly glowing leather armour
 23363 | Lair:5   | Identified the cursed +1 leather armour of Sloth {rPois} (You found it on level 5 of the Lair of Beasts)
 24424 | Lair:6   | Found a staircase to the Swamp.
 24793 | Lair:7   | Reached XP level 14. HP: 92/92 MP: 27/32
 25506 | Lair:7   | Reached skill level 5 in Short Blades
 26536 | Lair:7   | Found a runed door.
 26539 | Lair:7   | Noticed an azure jelly
 26540 | Lair:7   | Found a viscous altar of Jiyva.
 26540 | Lair:7   | Found a staircase to the Slime Pits.
 26540 | Lair:7   | Noticed an azure jelly
 27177 | Lair:8   | Entered Level 8 of the Lair of Beasts
 27341 | Lair:8   | Reached ****** piety under Vehumet
 27984 | Lair:8   | Offered knowledge of Freezing Cloud by Vehumet.
 28498 | Lair:8   | Got a crude cloak
 28509 | Lair:8   | Identified the cursed +0 cloak of the Trees {MR+} (You found it on level 8 of the Lair of Beasts)
 29650 | Lair:8   | Offered knowledge of Poisonous Cloud by Vehumet.
 30391 | D:10     | Identified the Incunabulum of Freezing Conjuration
 30548 | D:12     | Reached XP level 15. HP: 100/100 MP: 26/34
 31248 | D:12     | Learned a level 8 spell: Controlled Blink
 32104 | D:13     | Found a gate to the Vaults.
 32610 | D:8      | Killed Gastronok
 32610 | D:8      | Reached skill level 10 in Air Magic
 32772 | D:8      | Found Tixuor's Distillery.
 33019 | D:8      | Found a sparkling altar of Nemelex Xobeh.
 33527 | D:13     | You fall through a shaft!
 33770 | D:14     | Found Qauciov's Gadget Emporium.
 34905 | D:15     | Entered Level 15 of the Dungeon
 35478 | D:15     | Found a staircase to the Depths.
 36165 | D:15     | Noticed Agnes
 36170 | D:15     | Killed Agnes
 36184 | D:15     | Offered knowledge of Bolt of Fire by Vehumet.
 36308 | D:15     | Reached skill level 15 in Spellcasting
 37111 | Depths:1 | Entered Level 1 of the Depths
 37120 | Depths:1 | Noticed a tengu reaver
 37122 | Depths:1 | Killed a tengu reaver
 37122 | Depths:1 | Reached XP level 16. HP: 109/109 MP: 5/36
 37418 | Orc:1    | Entered Level 1 of the Orcish Mines
 37428 | Orc:1    | Reached skill level 10 in Fighting
 37830 | Orc:2    | Entered Level 2 of the Orcish Mines
 37830 | Orc:2    | Found a staircase to the Elven Halls.
 39038 | Orc:2    | Found Xycoarat's Weapon Boutique.
 39038 | Orc:2    | Found Neisur's Magic Scroll Shoppe.
 39040 | Orc:2    | Found Sent's Gadget Boutique.
 39040 | Orc:2    | Found Jangat's Weapon Shoppe.
 39051 | Orc:2    | Bought a scroll of teleportation for 39 gold pieces
 39051 | Orc:2    | Bought a scroll of enchant armour for 97 gold pieces
 39051 | Orc:2    | Bought a scroll of identify for 26 gold pieces
 39142 | Elf:1    | Entered Level 1 of the Elven Halls
 39280 | Elf:1    | Noticed Nikola
 39286 | Elf:1    | Killed Nikola
 39678 | Elf:1    | Reached skill level 15 in Conjurations
 39769 | Elf:1    | Found a portal to a secret trove of treasure.
 39888 | Elf:1    | Slain by a hand axe of freezing

Vault maps used:
D:1:      enne_arrival_octagon_isle
D:2:      kennysheep_generic_room_16
D:3:      elyvilon_altar_3, first_bread
D:4:      minitemple
D:5:      serial_shops, shop
D:6:      temple_hall
D:7:      lemuel_round_altar
D:8:      kennysheep_little_box, serial_shops, shop, uniq_gastronok, uniq_pikel,
          uniq_maurice
D:10:     lair_0_dummy, hangedman_pestilent_swarm, laboratory, uniq_snorg,
          uniq_psyche
D:11:     zombieorc2_lemuel
D:12:     grunt_ministairs_9
D:13:     david_vaults_5, minmay_item_behind_shaft
D:14:     minmay_stepped, serial_shops, shop, minivault_26
D:15:     gammafunk_depths_entry_grave, minmay_misc_feat_ornament,
          lab_entry_generic, nrook_mini_backslash, uniq_agnes
Temple:   minmay_freezing_vapour_temple_12
Lair:1:   st_stairs_6, columned_hall_lemuel, lemuel_fruit_tree, uniq_nergalle
Lair:2:   grunt_megastairs_5
Lair:3:   spider_nest_entry_a, portal_ice_cave_entry_pillars_02,
          serial_bayou_shore_a, infiniplex_staircase_pool_2, grunt_megastairs_3
Lair:4:   mu_elephants_graveyard, cheibrodos_lair_reptile_den
Lair:5:   bobbens_dragon_lair_wall
Lair:6:   minmay_swamp_entry_worms, bh_autumn_forest_stairs
Lair:7:   slime_altar_2, serial_bayou_shore_b
Lair:8:   minmay_lair_end_enchanted_forest, lemuel_fruit_fields
Orc:2:    grunt_orc_tribal_feast
Elf:1:    nicolae_trove_entry_crossroad, special_room, minmay_elf_sorcery,
          grunt_megastairs_1, uniq_nikola
Depths:1: enter_ziggurat_f, hangedman_tar_grid_catacomb, rand_demon_pan_entry_5,
          roderic_whirl, minmay_misc_feat_secret_circle, cheibriados_altar_1,
          uniq_sojobo, uniq_enchantress
IceCv:    ice_cave_small_demon

Skill      XL: |  1  2  3  4  5  6  7  8  9 10 11 12 13 14 15 16 |
---------------+-------------------------------------------------+-----
Spellcasting   | 4 5 6 7 8 10 11 12 13 14 15 | 15.3
Conjurations   | 2 3 4 5 7 9 11 12 13 14 15 | 15.1
Air Magic      | 1 2 3 4 5 7 9 11 | 11.6
Poison Magic   | 1 2 3 |  3.0
Fire Magic     | 3 4 7 9 10 11 12 13 | 13.4
Charms         | 3 5 7 |  7.0
Translocations | 3 5 7 8 |  8.0
Summonings     | 1 2 |  2.0
Fighting       | 5 7 8 9 10 | 10.5
Short Blades   | 4 6 |  6.0
Dodging        | |  2.1
Stealth        | |  2.1

Action                   |  1- 3 |  4- 6 |  7- 9 | 10-12 | 13-15 | 16-18 || total
-------------------------+-------+-------+-------+-------+-------+-------++-------
Melee: Unarmed           |     4 |    15 |       |       |       |       ||    19
       Dagger            |       |       |     2 |     2 |    25 |       ||    29
 Cast: Magic Dart        |   121 |   194 |   513 |   628 |    84 |    17 ||  1557
       Mephitic Cloud    |       |    12 |    38 |    24 |     1 |       ||    75
       Conjure Flame     |       |     3 |    25 |    40 |     2 |       ||    70
       Blink             |       |     1 |     6 |    17 |    11 |     1 ||    36
       Call Imp          |       |       |    15 |       |       |       ||    15
       Repel Missiles    |       |       |     1 |     3 |       |       ||     4
       Fireball          |       |       |       |   154 |   625 |   110 ||   889
       Orb of Destructio |       |       |       |       |     1 |     1 ||     2
       Deflect Missiles  |       |       |       |       |     1 |     1 ||     2
Evoke: Wand              |       |       |       |     1 |       |       ||     1
  Use: Potion            |       |     7 |       |     4 |     7 |       ||    18
       Scroll            |       |       |    10 |     8 |     7 |       ||    25
  Eat: Chunk             |     3 |     9 |    17 |    24 |    46 |     7 ||   106
       Pizza             |       |     1 |     1 |     2 |     2 |       ||     6
       Beef jerky        |       |       |     1 |     2 |     1 |       ||     4
       Bread ration      |       |       |       |     1 |       |       ||     1
       Fruit             |       |       |       |     2 |    10 |     1 ||    13
